 Dungeon Crawl Stone Soup version 0.28.0-53-g5a82cb258f (webtiles) character file.

Game seed: 10736506615799280651

2404 Nyth the Basher (level 9, -7/117 (120) HPs)
             Began as a Minotaur Berserker on Aug 9, 2022.
             Was a Priest of Trog.
             Mangled by a wight
             ... wielding a +0 halberd
              (9 damage)
             ... on level 8 of the Dungeon.
             The game lasted 00:23:05 (8090 turns).

Nyth the Basher (Minotaur Berserker)                Turns: 8090, Time: 00:23:06

HP:   -7/117 (120)  AC: 13    Str: 23    XL:     9   Next: 23%
MP:   8/8           EV: 11    Int:  4    God:    Trog [***...]
Gold: 349           SH:  0    Dex: 26    Spells: 8/8 levels left

rFire   + . .      SeeInvis .   k - +0 great mace of Gonemu Fefe {vorpal, *Noise rCorr Dex+7}
rCold   x . .      Faith    .   (shield currently unavailable)
rNeg    . . .      Spirit   .   m - +0 plate armour
rPois   .          Reflect  .   (helmet restricted)
rElec   .          Harm     .   (no cloak)
rCorr   +          Rampage  .   (no gloves)
Will    ++...                   (no boots)
Stlth   ..........              (no amulet)
HPRegen 1.29/turn               b - +6 ring of dexterity
MPRegen 0.11/turn               q - ring of fire

@: berserking, lethally poisoned (-7 -> -10), strong-willed, regenerating,
lightly drained, very quick
A: horns 2, retaliatory headbutt
a: Renounce Religion, Berserk, Trog's Hand


You were on level 8 of the Dungeon.
You worshipped Trog.
Trog was most pleased with you.
You visited 1 branch of the dungeon, and saw 8 of its levels.

You collected 349 gold pieces.

Inventory:

Hand Weapons
 d - a +2 short sword of holy wrath
 g - a +0 rapier of draining
 h - the +8 hunting sling of the Illusory Lies {flame, Str+3}
   (You found it on level 6 of the Dungeon)

   Any ammunition fired from it burns those it strikes, dealing additional fire
   damage.
   Str:       It affects your strength (+3).
 k - the +0 great mace of Gonemu Fefe (weapon) {vorpal, *Noise rCorr Dex+7}
   (You took it off an ogre on level 3 of the Dungeon)

   It inflicts extra damage upon your enemies.
   Dex:       It affects your dexterity (+7).
   *Noise:    It may make noises in combat.
   rCorr:     It protects you from acid and corrosion.
Missiles
 a - 3 throwing nets
 f - 11 javelins
 r - 31 stones
 s - 16 sling bullets
Armour
 m - a +0 plate armour (worn)
Jewellery
 b - a +6 ring of dexterity (left hand)
 o - a ring of wizardry
 q - a ring of fire (right hand)
Wands
 l - a wand of acid (7)
Scrolls
 n - a scroll of vulnerability {unknown}
 p - a scroll of teleportation
 t - a scroll of enchant armour {unknown}
 u - 2 scrolls of enchant weapon {unknown}
 v - a scroll of noise {unknown}
Potions
 c - 2 potions of attraction
 e - 2 potions of invisibility
 i - a potion of mutation
 j - 2 potions of curing


   Skills:
 * Level 7.7 Fighting
 + Level 3.4 Short Blades
 * Level 8.6 Maces & Flails
 + Level 1.5 Slings
 * Level 8.1 Armour
 * Level 5.7 Dodging


You had 8 spell levels left.
You didn't know any spells.
Your spell library contained the following spells:

 Spells                   Type           Power      Damage    Failure   Level
 Ensorcelled Hibernation  Hex/Ice        0%         N/A       100%        2
 Spider Form              Tmut/Pois      0%         N/A       100%        3
 Anguish                  Hex/Necr       0%         N/A       100%        4


Dungeon Overview and Level Annotations

Branches:
Dungeon (8/15)             Temple (0/1) D:4
   Lair: D:8-11

Altars:
Hepliaklqana
Qazlal

Shops:
D:2 =[   D:5 *   D:7 *


Innate Abilities, Weirdness & Mutations

You have a pair of horns on your head.
You reflexively headbutt those who attack you in melee.


Message History

Trog accepts your kill.
A water moccasin comes into view.
Your life force feels restored.
A red film seems to cover your vision as you go berserk!
You feel yourself moving faster!
You feel mighty!
You feel sick. The wight closely misses you.
The wight hits you with a +5 falchion!
The water moccasin bites the plant.
The killer bee barely misses you. The killer bee misses you.
The wight completely misses the plant.
The wight hits you from afar with a +2 halberd of freezing!
You feel drained. The wight freezes you!
The killer bee stings the plant.
You are too berserk!
You hit the two-headed ogre. You headbutt the two-headed ogre.
The two-headed ogre is lightly wounded.
You feel sick.
A nearby plant withers and dies.
The killer bee stings you but does no damage. x2
The killer bee stings the plant.
The water moccasin bites the plant!
The wight hits you but does no damage. x2
The two-headed ogre hits you with a +0 giant club!
* * * LOW HITPOINT WARNING * * *
The two-headed ogre closely misses you. The killer bee stings you!
* * * LOW HITPOINT WARNING * * *
You are more poisoned.
The killer bee poisons you! The killer bee closely misses you.
The wight hits the plant with a +3 scimitar!
The wight hits you from afar with a +2 halberd of freezing!
* * * LOW HITPOINT WARNING * * *
The wight freezes you!
* * * LOW HITPOINT WARNING * * *
The komodo dragon bites the plant!!
The killer bee stings the plant.
You hear an angry growl.
You sock the two-headed ogre!
The two-headed ogre is moderately wounded.
You feel sick.
A nearby plant withers and dies. x2
The water moccasin bites the plant!
The killer bee stings you.
* * * LOW HITPOINT WARNING * * *
The killer bee stings you.
* * * LOW HITPOINT WARNING * * *
The killer bee completely misses the plant.
The wight hits you with a +0 halberd!
You die... ..... ##.. ..... #..# .. ##....##..# ..... .......#..# ..... #........##..P.P #. ..........P. #.. #..z....PPP #...#zzzSP.P.PP

#...O@yPPSP...P
.......#yyl....P.
.......##yh.PPP..
.....## #.Pl.....
..... #..P.P.P.
.!.. #.....P.P
... #...P..PP ...
.....PP.P
.........


You could see a two-headed ogre, 2 komodo dragons, 2 water moccasins, a black
bear, 4 killer bees and 4 wights.

Vanquished Creatures
  The ghost of Flarelocke the Cudgeller, an amateur TrFi (D:3)
  A water moccasin (D:5)
  An orc warrior (D:6)
  A sky beast (D:5)
  A hornet zombie (D:7)
  An ice beast (D:6)
  3 black bears
  3 ogres
  2 centaurs
  3 bullfrogs
  A scorpion (D:5)
  2 water moccasin zombies
  An elf skeleton (D:5)
  A bullfrog zombie (D:5)
  3 hounds
  2 human zombies (D:5)
  A centaur zombie (D:5)
  A gnoll shaman (D:6)
  A bullfrog skeleton (D:5)
  A centaur skeleton (D:7)
  An iguana (D:5)
  5 orc wizards
  A human skeleton (D:5)
  A howler monkey skeleton (D:5)
  7 gnolls
  5 adders
  A shadow imp (D:6)
  A white imp (D:6)
  An ufetubus (D:5)
  A worm (D:3)
  3 dart slugs
  6 orcs
  4 ball pythons
  7 endoplasms
  2 giant cockroaches
  5 goblins
  2 hobgoblins (D:1)
  5 jackals
  3 quokkas
  7 bats
  2 frilled lizards
  11 kobolds
  An orc skeleton (D:5)
  An orc zombie (D:5)
  8 rats
122 creatures vanquished.

Vanquished Creatures (others)
  5 fungi (D:8)
  11 plants (D:8)
16 creatures vanquished.

Grand Total: 138 creatures vanquished

Notes
Turn   | Place    | Note
-------+----------+-------------------------------------------
     0 | D:1      | Nyth the Minotaur Berserker began the quest for the Orb.
     0 | D:1      | Reached XP level 1. HP: 19/19 MP: 0/0
   852 | D:1      | Reached XP level 2. HP: 27/27 MP: 1/1
  1481 | D:1      | Reached XP level 3. HP: 34/34 MP: 2/2
  1791 | D:2      | Reached skill level 1 in Short Blades
  1818 | D:2      | Found Fegis's Jewellery Shoppe.
  2152 | D:2      | Found Qer Goatsuoll's Armour Boutique.
  2214 | D:2      | Reached ** piety under Trog
  3261 | D:3      | Found a transporter.
  3262 | D:3      | Found a transporter.
  3262 | D:3      | Noticed Flarelocke's ghost (amateur TrFi)
  3267 | D:3      | Identified the +0 great mace of Gonemu Fefe {vorpal, *Noise
                  | rCorr Dex+7}
  3267 | D:3      | Noticed an ogre
  3297 | D:3      | Reached XP level 4. HP: 30/41 MP: 3/3
  3534 | D:3      | Found a hazy altar of Hepliaklqana.
  3577 | D:3      | Found a stormy altar of Qazlal.
  3889 | D:3      | Reached XP level 5. HP: 47/47 MP: 4/4
  4186 | D:3      | Killed an ogre
  4187 | D:3      | Reached skill level 5 in Fighting
  4190 | D:3      | Killed Flarelocke's ghost
  4191 | D:3      | Reached skill level 5 in Armour
  4191 | D:3      | Reached XP level 6. HP: 56/56 MP: 5/5
  4620 | D:4      | Found a staircase to the Ecumenical Temple.
  4842 | D:5      | Entered Level 5 of the Dungeon
  4920 | D:5      | Reached XP level 7. HP: 62/62 MP: 6/6
  4954 | D:5      | Reached skill level 5 in Maces & Flails
  5268 | D:5      | Reached XP level 8. HP: 71/71 MP: 7/7
  5424 | D:5      | Found Neinatod's General Store.
  6295 | D:6      | Reached *** piety under Trog
  6495 | D:6      | Reached skill level 5 in Dodging
  6502 | D:6      | Identified the +8 hunting sling of the Illusory Lies
                  | {flame, Str+3}
  7206 | D:7      | Reached XP level 9. HP: 71/79 MP: 8/8
  7469 | D:7      | Found Qodof's Assorted Antiques.
  7530 | D:7      | Reached skill level 1 in Slings
  8078 | D:8      | Noticed a komodo dragon
  8085 | D:8      | Noticed a two-headed ogre
  8087 | D:8      | Noticed a komodo dragon
  8090 | D:8      | HP: 5/117 [killer bee (1)]
  8090 | D:8      | HP: 2/117 [killer bee (3)]
  8090 | D:8      | Mangled by a wight

Illustrated notes

Levels and vault maps discovered:
D:1:      minmay_arrival_checkered_box, layout_basic
D:2:      layout_basic, serial_shops,
          nicolae_shop_temple_entry_statues_fountains,
          nicolae_shop_window_shopping, patterned_corridor
D:3:      layout_basic, mainiacjoe_overflow_catch_the_wave,
          gammafunk_ghost_smash
D:4:      layout_basic, temple_fountains
D:5:      minmay_general_purpose_star, layout_basic,
          nicolae_ossuary_entry_catacombs, serial_shops, shop
D:6:      layout_basic, kennysheep_nub
D:7:      layout_basic, serial_shops, nicolae_shop_statue_plus
D:8:      layout_cave_pools, due_lair_maze_entry_diamond, enter_bailey_2,
          serial_gnoll_camp, gnoll_camp_mini_hut, gnoll_camp_medium_01,
          gnoll_camp_mini_hut, gnoll_camp_huts_basic, uniq_grum, uniq_maurice

Skill      XL: |  1  2  3  4  5  6  7  8  9 |
---------------+----------------------------+-----
Fighting       | 4 5 6 7 |  7.7
Short Blades   | 1 3 |  3.4
Maces & Flails | 4 6 8 |  8.6
Armour         | 3 4 5 6 7 8 |  8.1
Dodging        | 3 4 5 |  5.7
Slings         | 1 |  1.5

Action                   |  1- 3 |  4- 6 |  7- 9 || total
-------------------------+-------+-------+-------++-------
Melee: Mace              |    11 |       |       ||    11
       Short sword       |    91 |    21 |       ||   112
       Headbutt          |     8 |    13 |    21 ||    42
       Rapier            |       |    10 |       ||    10
       Punch             |       |     2 |       ||     2
       Great mace        |       |    43 |   100 ||   143
       Hunting sling     |       |       |    18 ||    18
 Fire: Hunting sling     |       |       |    38 ||    38
Throw: Stone             |       |       |     1 ||     1
Invok: Berserk           |     2 |     3 |     4 ||     9
       Trog's Hand       |       |       |     1 ||     1
  Use: Scroll            |     5 |       |     5 ||    10
       Potion            |       |       |     3 ||     3
Armor: Ring mail         |    17 |       |       ||    17
       Chain mail        |    23 |    45 |    44 ||   112
       Plate armour      |       |       |    53 ||    53
Dodge: Dodged            |    53 |    36 |   103 ||   192
